 Dungeon Crawl Stone Soup version 0.29.1-12-g30fa7ad0bf (webtiles) character file.

Game seed: 13909063794444404412

166 sanboga the Trooper (level 5, -1/49 HPs)
             Began as a Gargoyle Berserker on Jan 13, 2023.
             Was a Believer of Trog.
             Slain by an orc
             ... wielding a +0 mace
              (3 damage)
             ... on level 2 of the Dungeon.
             The game lasted 00:03:11 (2338 turns).

sanboga the Trooper (Gargoyle Berserker)            Turns: 2338, Time: 00:03:12

Health: -1/49      AC: 14    Str: 22    XL:     5   Next: 47%
Magic:  5/5        EV:  8    Int:  8    God:    Trog [**....]
Gold:   145        SH:  0    Dex:  9    Spells: 4/4 levels left

rFire   . . .      SeeInvis .   a - +0 hand axe
rCold   . . .      Faith    .   (no shield)
rNeg    + . .      Spirit   .   e - +0 chain mail {rPois}
rPois   ∞          Reflect  .   (no helmet)
rElec   +          Harm     .   l - scarf {repulsion}
rCorr   .          Rampage  .   (no gloves)
Will    .....                   j - +0 pair of boots
Stlth   ..........              (no amulet)
HPRegen 0.16/turn               (no ring)
MPRegen 0.09/turn               (no ring)

@: berserking, repel missiles, very quick
A: sickness immunity, AC +4, negative energy resistance 1, electricity
resistance, torment resistance 1, petrification resistance
a: Renounce Religion, Berserk, Trog's Hand


You were on level 2 of the Dungeon.
You worshipped Trog.
Trog was pleased with you.
You visited 1 branch of the dungeon, and saw 2 of its levels.

You collected 214 gold pieces.
You spent 69 gold pieces at shops.

Inventory:

Hand Weapons
 a - a +0 hand axe (weapon)
Armour
 e - a +0 chain mail of poison resistance (worn)
 j - a +0 pair of boots (worn)
 l - a scarf of repulsion (worn)
Scrolls
 c - a scroll of vulnerability {unknown}
 g - a scroll of teleportation {unknown}
Potions
 b - a potion of lignification {unknown}
 d - 3 potions of might
 f - 3 potions of curing
 h - a potion of heal wounds {unknown}
 i - a potion of experience {unknown}
 k - a potion of mutation {unknown}
 m - a potion of brilliance {unknown}


   Skills:
 + Level 4.3 Fighting
 * Level 4.3 Axes
 + Level 3.5 Armour
 - Level 1.5 Dodging


You had 4 spell levels left.
You didn't know any spells.
Your spell library was empty.

Dungeon Overview and Level Annotations

Branches:
Dungeon (2/15)

Altars:

Shops:
D:2 *


Innate Abilities, Weirdness & Mutations

You are immune to sickness and miasma.
Your stone body is resilient. (AC +4)
You are immune to poison.
You resist negative energy. (rN+)
You are resistant to electric shocks. (rElec)
You are resistant to unholy torment.
You are immune to petrification.


Message History

You hit the worm but do no damage.
The worm is severely wounded.
You barely miss the orc. You closely miss the hobgoblin.
The hobgoblin hits you but does no damage.
The orc hits you but does no damage. The worm barely misses you.
You hit the worm.
The worm is almost dead.
You closely miss the hobgoblin. You hit the orc but do no damage.
The orc hits you but does no damage. The hobgoblin hits you.
You hit the worm but do no damage.
The worm is almost dead.
You hit the hobgoblin.
You kill the hobgoblin!
Trog accepts your kill.
You slash the orc!
You kill the orc!
Trog accepts your kill. The worm bites you.
You are too injured to fight recklessly!
You are too injured to fight recklessly!
You are too injured to fight recklessly!
You are too injured to fight recklessly!
You are too injured to fight recklessly!
You are too injured to fight recklessly!
You are too injured to fight recklessly!
You are too injured to fight recklessly!
You are too injured to fight recklessly!
You hit the worm but do no damage.
The worm is almost dead.
The worm bites you.
You hit the worm.
The worm is almost dead.
You barely miss the worm.
The worm is almost dead.
The worm bites you!
* * * LOW HITPOINT WARNING * * *
A red film seems to cover your vision as you go berserk!
You feel yourself moving faster!
You feel mighty! The orc hits you with a +0 mace.
You die...

#.####.#..#.#
#.....##..###
.#≈#...
##.....##.##
.≈_≈...
.......##.#
.#≈#...
#####.....#
..^....
......###.#
....... #######
#.# ......#
#.#######o....##
#.......@.....[#
#######..w.⌠...#
#......###
########


You could see a worm and an orc.

Vanquished Creatures
  Natasha (thrice) (D:2)
  3 adders (D:2)
  2 worms (D:2)
  2 dart slugs (D:1)
  An orc (D:2)
  6 ball pythons
  7 bats
  6 endoplasms
  2 giant cockroaches
  A goblin (D:1)
  3 hobgoblins (D:2)
  A quokka (D:1)
  A frilled lizard (D:1)
  7 kobolds
  10 rats
55 creatures vanquished.

Vanquished Creatures (others)
  2 plants (D:1)
2 creatures vanquished.

Grand Total: 57 creatures vanquished

Notes
Turn   | Place    | Note
-------+----------+-------------------------------------------
     0 | D:1      | sanboga the Gargoyle Berserker began the quest for the Orb.
     0 | D:1      | Reached XP level 1. HP: 14/14 MP: 1/1
   254 | D:1      | Reached XP level 2. HP: 19/19 MP: 2/2
   613 | D:1      | Reached XP level 3. HP: 23/23 MP: 3/3
   730 | D:1      | Reached ** piety under Trog
  1127 | D:2      | Found Ucliamep's Assorted Antiques.
  1176 | D:2      | Bought a bubbling clear potion for 21 gold pieces
  1176 | D:2      | Bought a scroll labelled RASTEASOYB for 24 gold pieces
  1176 | D:2      | Bought a scroll labelled GAYGHAOTAKK for 24 gold pieces
  1365 | D:2      | Reached XP level 4. HP: 22/29 MP: 4/4
  1910 | D:2      | Noticed Natasha
  1921 | D:2      | Killed Natasha
  2120 | D:2      | Noticed Natasha
  2127 | D:2      | Killed Natasha
  2128 | D:2      | Reached XP level 5. HP: 24/33 MP: 5/5
  2221 | D:2      | Noticed Natasha
  2232 | D:2      | Killed Natasha
  2337 | D:2      | HP: 1/33 [worm (9)]
  2338 | D:2      | Slain by an orc

Illustrated notes

Levels and vault maps discovered:
D:1:      dpeg_arrival_three_same_balls, layout_loops_ring, serial_bayou_pond_d
D:2:      layout_basic, serial_shops, shop_coins, serial_aquarium,
          aquarium_bridge_square [aquarium_subvault_wall,
          aquarium_subvault_bridge, aquarium_subvault_balcony,
          aquarium_subvault_wall], aquarium_window_corridor_3,
          aquarium_window_2, aquarium_window_1, aquarium_window_fake,
          aquarium_view_2a, aquarium_view_2a, aquarium_pool_four,
          hellmonk_ecumenical_altar_defaced_shrine, uniq_natasha

Skill      XL: |  1  2  3  4 |
---------------+-------------+-----
Axes           | 3 4 |  4.3
Armour         | 3 |  3.5
Fighting       | 4 |  4.3
Dodging        | |  1.5

Action                   |  1- 3 |  4- 6 || total
-------------------------+-------+-------++-------
Melee: Hand axe          |   135 |    65 ||   200
Invok: Berserk           |       |     1 ||     1
  Use: Scroll            |     3 |       ||     3
Armor: Animal skin       |    27 |       ||    27
       Chain mail        |    77 |    35 ||   112
Dodge: Dodged            |    95 |    26 ||   121
